Workbook

Sheet Todos os Itens
A1: Anexo I do Termo de Referencia - PLANILHA ORÇAMENTARIA DE REFERÊNCIA DE SERVIÇOS DE MANUTENÇÃO
A3: PROPOSTA
A4: Nome de Fantasia:
A5: Razão Social:
A6: CNPJ: | F6: Optante pelo Simples:
A7: Endereço:
A8: Bairro: | F8: Cidade:
A9: CEP: | F9: E-mail:
A10: Telefone: | F10: Fax:
A11: Banco: | E11: Nome do Favorecido:
A12: Nº da agência bancária: | E12: Conta Bancária: | H12: Tipo de Conta:
A14: 1. OBJETO
A15: 1.1. Prestação de serviços de manutenção predial por demanda (corretiva) nos imóveis da Conselho Regional de Enfermagem do Amazonas – COREN/AM, localizados na cidade de Manaus/AM.
A17: 2. PLANILHA DE PREÇOS
A18: 2.1. Apresentar planilha descritiva com marca, valores unitários, total, junto com total geral do item, conforme descrito no Termo de Referência (Anexo I deste Edital).
A20: Item | B20: Descrição/Especificação | E20: Unidade de Medida | F20: Custo Total s/ Desconto | G20: Desconto | H20: BDI Calculado | I20: Preço Final
A21: 1 | B21: Prestação de Serviços com fornecimento de mão de obra e material de acordo com serviços previstos na Planilha Orçamentaria de Referência de Serviços de Manutenção (Anexo II do TR). | E21: Serviço | F21: ='Serviços - Anexo II do TR'!K121 -> 30472.72 | G21: ='Serviços - Anexo II do TR'!J122 -> 0 | H21: ='BDI - Anexo I do TR'!B23:B23 -> 0.2575 | I21: ='Serviços - Anexo II do TR'!K125 -> 38319.45
A23: • Validade da Proposta: ___ (_______) dias, observado o prazo mínimo de 60 (sessenta) dias.
A24: • Nos preços apresentados deverão incluir todos os custos com salários, horas extras, encargos sociais, transportes, uniformes, lucros, encargos fiscais e para-fiscais, despesas diretas e indiretas, bem como aquelas indispensáveis para execução do objeto.
A25: • Declaramos que os serviços aqui ofertados estão de acordo com as especificações do Termo de Referência do presente procedimento de seleção de fornecedor.
A26: • Declaramos conhecer e nos submetemos integralmente a todas as cláusulas e condições do presente Edital e seus anexos.
A28: VALOR GLOBAL DA PROPOSTA: | D28: =I21 -> 38319.45 | F28: (Escreva em extenso o valor)
E31: [Local/UF] | G31: =TODAY() -> 44589
A33: ASSINATURA:
C34: (Nome de Responsável Legal)
C35: Responsável Legal

Sheet BDI - Anexo I do TR
A1: Anexo I do Termo de Referencia - PLANILHA ORÇAMENTARIA DE REFERÊNCIA DE SERVIÇOS DE MANUTENÇÃO
A3: CONSELHO REGIONAL DE ENFERMAGEM DO AMAZONAS (COREN-AM) COMPOSIÇÃO DE B.D.I.
A5: SERVIÇO: MANUTENÇÃO PREDIAL EDIFICAÇÕES PERTENCENTES AO COREN-AM
A6: CIDADE: Manaus/AM
A8: 74209/001
A9: CÁLCULO DE BDI | C9: Construção de Edifícios | F9: Rodovias e Ferrovias - Infra Urbana, praças, calçadas, etc. | I9: Abastecimento de Água, Coleta de Esgoto | L9: Fornecimento de materiais e equipamentos | O9: Construção e Manutenção de Estações e Redes de Distribuição de Energia Elétrica | R9: Portuárias, Marítimas e Fluviais
A10: Item componente do BDI | B10: % Informado | C10: 1ºQ | D10: Médio | E10: 3º Q | F10: 1ºQ | G10: Médio | H10: 3º Q | I10: 1ºQ | J10: Médio | K10: 3º Q | L10: 1ºQ | M10: Médio | N10: 3º Q | O10: 1ºQ | P10: Médio | Q10: 3º Q | R10: 1ºQ | S10: Médio | T10: 3º Q
A11: Administração Central ( AC ) | B11: 4 | C11: 3 | D11: 4 | E11: 5.5 | F11: 3.8 | G11: 4.01 | H11: 4.67 | I11: 3.43 | J11: 4.93 | K11: 6.71 | L11: 1.5 | M11: 3.45 | N11: 4.49 | O11: 5.29 | P11: 5.92 | Q11: 7.93 | R11: 4 | S11: 5.52 | T11: 7.85
A12: Seguro (S) e Garantia (G) | B12: 0.8 | C12: 0.8 | D12: 0.8 | E12: 1 | F12: 0.32 | G12: 0.4 | H12: 0.74 | I12: 0.28 | J12: 0.49 | K12: 0.75 | L12: 0.3 | M12: 0.48 | N12: 0.82 | O12: 0.25 | P12: 0.51 | Q12: 0.56 | R12: 0.81 | S12: 1.22 | T12: 1.99
A13: Risco | B13: 0.97 | C13: 0.97 | D13: 1.27 | E13: 1.27 | F13: 0.5 | G13: 0.56 | H13: 0.97 | I13: 1 | J13: 1.39 | K13: 1.74 | L13: 0.56 | M13: 0.85 | N13: 0.89 | O13: 1 | P13: 1.48 | Q13: 1.97 | R13: 1.46 | S13: 2.32 | T13: 3.16
A14: Despesas Financeiras (DF) | B14: 0.59 | C14: 0.59 | D14: 1.23 | E14: 1.39 | F14: 1.02 | G14: 1.11 | H14: 1.21 | I14: 0.94 | J14: 0.99 | K14: 1.17 | L14: 0.85 | M14: 0.85 | N14: 1.11 | O14: 1.01 | P14: 1.07 | Q14: 1.11 | R14: 0.94 | S14: 1.02 | T14: 1.33
A15: Lucro (L) | B15: 6.2 | C15: 6.16 | D15: 7.4 | E15: 8.96 | F15: 6.64 | G15: 7.3 | H15: 8.69 | I15: 6.74 | J15: 8.04 | K15: 9.4 | L15: 3.5 | M15: 5.11 | N15: 6.22 | O15: 8 | P15: 8.31 | Q15: 9.51 | R15: 7.14 | S15: 8.4 | T15: 10.43
A16: Impostos (I) - PIS, COFINS, ISSQN | B16: 5.65 | C16: Conforme Legislação Específica
A17: Contribuição Previdênciária (I) - CPRB | B17: 4.5 | C17: Alíquota definida pela lei 12.844/13 (CPRB – contribuição previdenciária sobre a receita bruta).
A19: Observações | F19: VALORES DE BDI POR TIPO DE OBRA*
A20: 1) Preencher apenas a coluna % Informado (Coluna B) | F20: Tipo de Obra | L20: 1ºQ | M20: Médio | N20: 3º Q
A21: 2) Os Tributos normalmente aplicáveis são: PIS (O,65%), COFINS (3,00%) e ISS (variável até 5,00% conforme o município). | F21: Construção de Edifícios | L21: 20.34 | M21: 22.12 | N21: 25
A22: 3) O cálculo do BDI se baseia na fórmula abaixo utilizada pelo Acórdão 2622/13 do TCU. | F22: Construção de Rodovias e Ferrovias - Infra Urbana, praças, etc. | L22: 19.6 | M22: 20.97 | N22: 24.23
A23: B.D.I = | B23: =ROUND(((1+(B11+B12+B13)/100)*((1+B14/100)*(1+B15/100))/(1-(B16+B17)/100))-1,4) -> 0.2575 | F23: Rede de Abastecimento de Água, Coleta de Esgotos | L23: 20.76 | M23: 24.18 | N23: 26.44
A24: Fórmula Utilizada: | F24: Estações e Redes de Distribuição de Energia Elétrica | L24: 24 | M24: 25.84 | N24: 27.86
F25: Obras Portuárias, Marítimas e Fluviais | L25: 22.8 | M25: 27.48 | N25: 30.95
F26: Fornecimento de Materiais e Equipamentos | L26: 11.1 | M26: 14.02 | N26: 16.8
F27: * Sem incidência da CPRB
A29: Observações sobre os % informados no cálculo do BDI, neste caso:
A31: OS VALORES % INFORMADO ENQUADRAM-SE NOS LIMITES DO ACÓRDÃO 2622/2013-TCU
A32: OS VALORES % INFORMADO DE AC,S,G,R, E DF ESTÃO NOS VALORES MÍNIMOS DOS LIMITES DO ACÓRDÃO 2622/2013-TCU-PLENÁRIO
A33: OS VALORES % INFORMADO DE L FOI CONSIDERADO VALOR MÍNIMO DO LIMITE DO ACÓRDÃO 2622/2013-TCU
A34: OS VALORES % INFORMADO DE I FOI CONSIDERADO OS PERCENTUAIS INDICADOS DO ITEM 2) DO CAMPO OBSERVAÇÕES DO ACÓRDÃO 2622/2013-TCU
A35: OS VALORES % INFORMADO DE (CPRB) FOI CONSIDERADO O PERCENTUAL INDICADO PELA LEI 12.844/13.
P36: RESPONSAVEL TÉCNICO ORÇAMENTO
A39: Acórdão: 64.1. para alguns tipos de obras como construção e reforma de edifícios, ou saneamento e obras hídricas, ou ainda, rodoviárias e ferroviárias, não há aparente vantagem em se desagregar em dois tipos distintos de obras com BDIs específicos, tendo em vista que cada agrupamento desses possui mais características gerais comuns que diferenciadas;

Sheet Serviços - Anexo II do TR
A1: Anexo I do Termo de Referencia - PLANILHA ORÇAMENTARIA DE REFERÊNCIA DE SERVIÇOS DE MANUTENÇÃO
A3: PLANILHA ORÇAMENTÁRIA DESONERADA
A4: OBRA: Serviço de manutenção predial edificação(s) do COREN-AM
A5: TABELA REFERÊNCIA: SINAPI - SISTEMA NACIONAL DE PESQUISA DE CUSTOS E ÍNDICES DA CONSTRUÇÃO CIVIL
A6: ENCARGOS SOCIAIS DESONERADOS SOBRE PREÇOS DA MÃO-DE-OBRA: 84,39% (HORA) 47,07%(MÊS) - LOCALIDADE: MANAUS/AM
A7: DATA DE PREÇO : 01/12/2021 - DATA DE RT : 13/01/2022
A8: Item | B8: Código SINAPI | C8: Descrição | H8: Unidade de Medida | I8: Quantidade Estimada (a) | J8: Custo Unitário Referencial - R$ (b) | K8: Total - R$ (c = a x b)
A10: 1 | B10: MADEIRAMENTO | K10: =ROUND(SUM(K11:K12),2) -> 1912.3
A11: 1.1 | B11: 94207 | C11: TELHAMENTO COM TELHA ONDULADA DE FIBROCIMENTO E = 6 MM, COM RECOBRIMENTO LATERAL DE 1/4 DE ONDA PARA TELHADO COM INCLINAÇÃO MAIOR QUE 10°, COM ATÉ 2 ÁGUAS, INCLUSO IÇAMENTO. AF_07/2019 | H11: M² | I11: 10 | J11: 78.9 | K11: =ROUND(I11*J11,2) -> 789
A12: 1.2 | B12: 100435 | C12: RUFO EM FIBROCIMENTO PARA TELHA ONDULADA E = 6 MM, ABA DE 26 CM, INCLUSO TRANSPORTE VERTICAL, EXCETO CONTRARRUFO. AF_07/2019 | H12: M | I12: 10 | J12: 112.33 | K12: =ROUND(I12*J12,2) -> 1123.3
A13: 2 | B13: CALHA DE PVC, PECAS E ACESSORIOS, CALHA METÁLICA,RUFOS | K13: =ROUND(SUM(K14:K16),2) -> 929.05
A14: 2.1 | B14: 100434 | C14: CALHA DE BEIRAL, SEMICIRCULAR DE PVC, DIAMETRO 125 MM, INCLUINDO CABECEIRAS, EMENDAS, BOCAIS, SUPORTES E VEDAÇÕES, EXCLUINDO CONDUTORES, INCLUSO TRANSPORTE VERTICAL. AF_07/2019 | H14: M | I14: 5 | J14: 69.83 | K14: =ROUND(I14*J14,2) -> 349.15
A15: 2.2 | B15: 94227 | C15: CALHA EM CHAPA DE AÇO GALVANIZADO NÚMERO 24, DESENVOLVIMENTO DE 33 CM INCLUSO TRANSPORTE VERTICAL. AF_07/2019 | H15: M | I15: 5 | J15: 65.03 | K15: =ROUND(I15*J15,2) -> 325.15
A16: 2.3 | B16: 94231 | C16: RUFO EM CHAPA DE AÇO GALVANIZADO NÚMERO 24, CORTE DE 25 CM, INCLUSO TRANSPORTE VERTICAL. AF_07/2019 | H16: M | I16: 5 | J16: 50.95 | K16: =ROUND(I16*J16,2) -> 254.75
A17: 3 | B17: ESQUADRIAS/FERRAGENS/VIDROS | K17: =ROUND(SUM(K18:K20),2) -> 1252.87
A18: 3.1 | B18: 100697 | C18: RECOLOCAÇÃO DE FOLHAS DE PORTA DE MADEIRA LEVE OU MÉDIA DE 80CM DE LARGURA, CONSIDERANDO REAPROVEITAMENTO DO MATERIAL. AF_12/2019 | H18: UND | I18: 1 | J18: 67.94 | K18: =ROUND(I18*J18,2) -> 67.94
A19: 3.2 | B19: 100700 | C19: PORTA DE MADEIRA COMPENSADA LISA PARA PINTURA, 120X210X3,5CM, 2 FOLHAS, INCLUSO ADUELA 2A, ALIZAR 2A E DOBRADICAS | H19: UND | I19: 1 | J19: 510.35 | K19: =ROUND(I19*J19,2) -> 510.35
A20: 3.3 | B20: 100692 | C20: KIT DE PORTA DE MADEIRA TIPO VENEZIANA, 80X210CM (ESPESSURA DE 3CM), PADRÃO POPULAR, ITENS INCLUSOS: DOBRADIÇAS, MONTAGEM E INSTALAÇÃO DE BATENTE, FECHADURA COM EXECUÇÃO DO FURO - FORNECIMENTO E INSTALAÇÃO | H20: UND | I20: 1 | J20: 674.58 | K20: =ROUND(I20*J20,2) -> 674.58
A21: 4 | B21: ALÇAPÃO DE FERRO/GUARDA-CORPO DE FERRO/ESCADAS/CORRIMAOS | K21: =ROUND(SUM(K22:K23),2) -> 1700.15
A22: 4.1 | B22: 99839 | C22: GUARDA-CORPO DE AÇO GALVANIZADO DE 1,10M DE ALTURA, MONTANTES TUBULARES DE 1.1/2 ESPAÇADOS DE 1,20M, TRAVESSA SUPERIOR DE 2, GRADIL FORMADO POR BARRAS CHATAS EM FERRO DE 32X4,8MM, FIXADO COM CHUMBADOR MECÂNICO. AF_04/2019_P | H22: M | I22: 2 | J22: 486.85 | K22: =ROUND(I22*J22,2) -> 973.7
A23: 4.2 | B23: 102188 | C23: MOLA HIDRAULICA DE PISO PARA PORTA DE VIDRO TEMPERADO | H23: M | I23: 1 | J23: 726.45 | K23: =ROUND(I23*J23,2) -> 726.45
A24: 5 | B24: VIDROS/ESPELHOS | K24: =ROUND(SUM(K25:K25),2) -> 649.47
A25: 5.1 | B25: 102151 | C25: INSTALAÇÃO DE VIDRO LISO INCOLOR, E = 3 MM, EM ESQUADRIA DE MADEIRA, FIXADO COM BAGUETE. AF_01/2021 | H25: M² | I25: 3 | J25: 216.49 | K25: =ROUND(I25*J25,2) -> 649.47
A26: 6 | B26: JANELA DE ALUMINIO | K26: =ROUND(SUM(K27:K27),2) -> 1920.8
A27: 6.1 | B27: 94570 | C27: JANELA DE ALUMÍNIO DE CORRER, 2 FOLHAS, FIXAÇÃO COM PARAFUSO SOBRE CONTRAMARCO (EXCLUSIVE ALIZAR E CONTRAMARCO), COM VIDROS PADRONIZADA. AF_07/2016 | H27: M² | I27: 5 | J27: 384.16 | K27: =ROUND(I27*J27,2) -> 1920.8
A28: 7 | B28: IMPERMEABILIZACOES E PROTECOES DIVERSAS | K28: =ROUND(SUM(K29:K31),2) -> 1581.9
A29: 7.1 | B29: 98560 | C29: IMPERMEABILIZAÇÃO DE PISO COM ARGAMASSA DE CIMENTO E AREIA, COM ADITIVO IMPERMEABILIZANTE, E = 2CM. AF_06/2018 | H29: M² | I29: 10 | J29: 45.27 | K29: =ROUND(I29*J29,2) -> 452.7
A30: 7.2 | B30: 98555 | C30: IMPERMEABILIZAÇÃO DE SUPERFÍCIE COM ARGAMASSA POLIMÉRICA / MEMBRANA ACRÍLICA, 3 DEMÃOS. AF_06/2018 | H30: M² | I30: 10 | J30: 21.51 | K30: =ROUND(I30*J30,2) -> 215.1
A31: 7.3 | B31: 98546 | C31: IMPERMEABILIZAÇÃO DE SUPERFÍCIE COM MANTA ASFÁLTICA, UMA CAMADA, INCLUSIVE APLICAÇÃO DE PRIMER ASFÁLTICO, E=3MM. AF_06/2018 | H31: M² | I31: 10 | J31: 91.41 | K31: =ROUND(I31*J31,2) -> 914.1
A32: 8 | B32: INSTALACAO ELETRICA/ELETRIFICACAO E ILUMINACAO EXTERNA | K32: =ROUND(SUM(K33:K60),2) -> 7172.99
A33: 8.1 | B33: 91831 | C33: ELETRODUTO FLEXÍVEL CORRUGADO, PVC, DN 20 MM (1/2"), PARA CIRCUITOS TERMINAIS, INSTALADO EM FORRO - FORNECIMENTO E INSTALAÇÃO. AF_12/2015 | H33: M | I33: 20 | J33: 7.35 | K33: =ROUND(I33*J33,2) -> 147
A34: 8.2 | B34: 91863 | C34: ELETRODUTO RÍGIDO ROSCÁVEL, PVC, DN 25 MM (3/4"), PARA CIRCUITOS TERMINAIS, INSTALADO EM FORRO - FORNECIMENTO E INSTALAÇÃO. AF_12/2015 | H34: M | I34: 20 | J34: 10.68 | K34: =ROUND(I34*J34,2) -> 213.6
A35: 8.3 | B35: 95745 | C35: ELETRODUTO DE AÇO GALVANIZADO, CLASSE LEVE, DN 20 MM (3/4), APARENTE, INSTALADO EM TETO - FORNECIMENTO E INSTALAÇÃO. AF_11/2016_P | H35: M | I35: 20 | J35: 22.72 | K35: =ROUND(I35*J35,2) -> 454.4
A36: FIOS/CABOS
A37: 8.4 | B37: 91924 | C37: CABO DE COBRE FLEXÍVEL ISOLADO, 1,5 MM², ANTI-CHAMA 450/750 V, PARA CIRCUITOS TERMINAIS - FORNECIMENTO E INSTALAÇÃO. AF_12/2015 | H37: M | I37: 50 | J37: 2.64 | K37: =ROUND(I37*J37,2) -> 132
A38: 8.5 | B38: 91926 | C38: CABO DE COBRE FLEXÍVEL ISOLADO, 2,5 MM², ANTI-CHAMA 450/750 V, PARA CIRCUITOS TERMINAIS - FORNECIMENTO E INSTALAÇÃO. AF_12/2015 | H38: M | I38: 50 | J38: 3.82 | K38: =ROUND(I38*J38,2) -> 191
A39: 8.6 | B39: 91928 | C39: CABO DE COBRE FLEXÍVEL ISOLADO, 4 MM², ANTI-CHAMA 450/750 V, PARA CIRCUITOS TERMINAIS - FORNECIMENTO E INSTALAÇÃO. AF_12/2015 | H39: M | I39: 50 | J39: 6.19 | K39: =ROUND(I39*J39,2) -> 309.5
A40: 8.7 | B40: 91941 | C40: CAIXA RETANGULAR 4" X 2" BAIXA (0,30 M DO PISO), PVC, INSTALADA EM PAREDE - FORNECIMENTO E INSTALAÇÃO. AF_12/2015 | H40: UND | I40: 5 | J40: 10.03 | K40: =ROUND(I40*J40,2) -> 50.15
A41: 8.8 | B41: 95780 | C41: CONDULETE DE ALUMÍNIO, TIPO B, PARA ELETRODUTO DE AÇO GALVANIZADO DN 25 MM (1''), APARENTE - FORNECIMENTO E INSTALAÇÃO. AF_11/2016_P | H41: UND | I41: 10 | J41: 29.94 | K41: =ROUND(I41*J41,2) -> 299.4
A42: QUADROS/DISJUNTORES
A43: 8.9 | B43: 101890 | C43: DISJUNTOR MONOPOLAR TIPO NEMA, CORRENTE NOMINAL DE 10 ATÉ 30A - FORNECIMENTO E INSTALAÇÃO. AF_10/2020 | H43: UND | I43: 5 | J43: 15.96 | K43: =ROUND(I43*J43,2) -> 79.8
A44: 8.10 | B44: 101895 | C44: DISJUNTOR TERMOMAGNÉTICO TRIPOLAR , CORRENTE NOMINAL DE 125A - FORNECIMENTO E INSTALAÇÃO. AF_10/2020 | H44: UND | I44: 1 | J44: 427.69 | K44: =ROUND(I44*J44,2) -> 427.69
A45: INTERRUPTOR/TOMADA
A46: 8.11 | B46: 91953 | C46: INTERRUPTOR SIMPLES (1 MÓDULO), 10A/250V, INCLUINDO SUPORTE E PLACA -FORNECIMENTO E INSTALAÇÃO. AF_12/2015 | H46: UND | I46: 5 | J46: 22.27 | K46: =ROUND(I46*J46,2) -> 111.35
A47: 8.12 | B47: 91959 | C47: INTERRUPTOR SIMPLES (2 MÓDULOS), 10A/250V, INCLUINDO SUPORTE E PLACA FORNECIMENTO E INSTALAÇÃO. AF_12/2015 | H47: UND | I47: 5 | J47: 35.16 | K47: =ROUND(I47*J47,2) -> 175.8
A48: 8.13 | B48: 91996 | C48: TOMADA MÉDIA DE EMBUTIR (1 MÓDULO), 2P+T 10 A, INCLUINDO SUPORTE E PLACA - FORNECIMENTO E INSTALAÇÃO. AF_12/2015 | H48: UND | I48: 5 | J48: 26.85 | K48: =ROUND(I48*J48,2) -> 134.25
A49: 8.14 | B49: 91997 | C49: TOMADA MÉDIA DE EMBUTIR (1 MÓDULO), 2P+T 20 A, INCLUINDO SUPORTE E PLACA - FORNECIMENTO E INSTALAÇÃO. AF_12/2015 | H49: UND | I49: 5 | J49: 28.5 | K49: =ROUND(I49*J49,2) -> 142.5
A50: 8.15 | B50: 92000 | C50: TOMADA BAIXA DE EMBUTIR (1 MÓDULO), 2P+T 10 A, INCLUINDO SUPORTE E PLACA - FORNECIMENTO E INSTALAÇÃO. AF_12/2015 | H50: UND | I50: 5 | J50: 23.44 | K50: =ROUND(I50*J50,2) -> 117.2
A51: 8.16 | B51: 92001 | C51: TOMADA BAIXA DE EMBUTIR (1 MÓDULO), 2P+T 20 A, INCLUINDO SUPORTE E PLACA - FORNECIMENTO E INSTALAÇÃO. AF_12/2015 | H51: UND | I51: 5 | J51: 25.09 | K51: =ROUND(I51*J51,2) -> 125.45
A52: 8.17 | B52: 92008 | C52: TOMADA BAIXA DE EMBUTIR (2 MÓDULOS), 2P+T 10 A, INCLUINDO SUPORTE E PLACA - FORNECIMENTO E INSTALAÇÃO. AF_12/2015 | H52: UND | I52: 5 | J52: 37.47 | K52: =ROUND(I52*J52,2) -> 187.35
A53: LUMINARIA INTERNA/BOCAL/LAMPADAS
A54: 8.18 | B54: 97586 | C54: LUMINÁRIA TIPO CALHA, DE SOBREPOR, COM 2 LÂMPADAS TUBULARES FLUORESCENTES DE 36 W, COM REATOR DE PARTIDA RÁPIDA - FORNECIMENTO E INSTALAÇÃO | H54: UND | I54: 5 | J54: 101.84 | K54: =ROUND(I54*J54,2) -> 509.2
A55: 8.19 | B55: 97599 | C55: LUMINÁRIA DE EMERGÊNCIA - FORNECIMENTO E INSTALAÇÃO. AF_11/2017 | H55: UND | I55: 5 | J55: 28.83 | K55: =ROUND(I55*J55,2) -> 144.15
A56: 8.20 | B56: 97610 | C56: LÂMPADA COMPACTA DE LED 10 W, BASE E27 - FORNECIMENTO E INSTALAÇÃO. AF_11/2017 | H56: UND | I56: 20 | J56: 17.3 | K56: =ROUND(I56*J56,2) -> 346
A57: 8.21 | B57: 97617 | C57: LÂMPADA TUBULAR FLUORESCENTE T10 DE 20/40 W, BASE G13 - FORNECIMENTO E INSTALAÇÃO. AF_11/2017_P | H57: UND | I57: 20 | J57: 45.59 | K57: =ROUND(I57*J57,2) -> 911.8
A58: SISTEMAS DE PROTECAO/ATERRAMENTO
A59: 8.22 | B59: 96972 | C59: CORDOALHA DE COBRE NU 25 MM², NÃO ENTERRADA, COM ISOLADOR - FORNECIMENTO E INSTALAÇÃO. AF_12/2017 | H59: M | I59: 20 | J59: 42.5 | K59: =ROUND(I59*J59,2) -> 850
A60: 8.23 | B60: 96984 | C60: ELETRODUTO PVC 40MM (1 ¼ ) PARA SPDA - FORNECIMENTO E INSTALAÇÃO. AF_12/2017 | H60: UND | I60: 20 | J60: 55.67 | K60: =ROUND(I60*J60,2) -> 1113.4
A61: 9 | B61: INCENDIO | K61: =ROUND(SUM(K62:K63),2) -> 1087.65
A62: 9.1 | B62: 101908 | C62: EXTINTOR DE INCÊNDIO PORTÁTIL COM CARGA DE PQS DE 4 KG, CLASSE BC - FORNECIMENTO E INSTALAÇÃO. AF_10/2020_P | H62: UND | I62: 2 | J62: 204.6 | K62: =ROUND(I62*J62,2) -> 409.2
A63: 9.2 | B63: 101907 | C63: EXTINTOR DE INCÊNDIO PORTÁTIL COM CARGA DE CO2 DE 6 KG, CLASSE BC - FORNECIMENTO E INSTALAÇÃO. AF_10/2020_P | H63: UND | I63: 1 | J63: 678.45 | K63: =ROUND(I63*J63,2) -> 678.45
A64: 10 | B64: TELEFONE/INSTALACAO DE LOGICA | K64: =ROUND(SUM(K65:K67),2) -> 893.6
A65: 10.1 | B65: 98297 | C65: CABO ELETRÔNICO CATEGORIA 6, INSTALADO EM EDIFICAÇÃO INSTITUCIONAL - FORNECIMENTO E INSTALAÇÃO. AF_03/2018 | H65: M | I65: 80 | J65: 3.48 | K65: =ROUND(I65*J65,2) -> 278.4
A66: 10.2 | B66: 98307 | C66: TOMADA DE REDE RJ45 - FORNECIMENTO E INSTALAÇÃO. AF_03/2018 | H66: UND | I66: 10 | J66: 36.61 | K66: =ROUND(I66*J66,2) -> 366.1
A67: 10.3 | B67: 98308 | C67: TOMADA PARA TELEFONE RJ11 - FORNECIMENTO E INSTALAÇÃO. AF_03/2018 | H67: UND | I67: 10 | J67: 24.91 | K67: =ROUND(I67*J67,2) -> 249.1
A68: 11 | B68: INSTALACOES HIDRO SANITARIAS | K68: =ROUND(SUM(K69:K78),2) -> 1963.5
A69: 11.1 | B69: 89356 | C69: TUBO, PVC, SOLDÁVEL, DN 25MM, INSTALADO EM RAMAL OU SUB-RAMAL DE ÁGUA - FORNECIMENTO E INSTALAÇÃO. AF_12/2014 | H69: M | I69: 5 | J69: 18.52 | K69: =ROUND(I69*J69,2) -> 92.6
A70: 11.2 | B70: 89512 | C70: TUBO PVC, SÉRIE R, ÁGUA PLUVIAL, DN 100 MM, FORNECIDO E INSTALADO EM RAMAL DE ENCAMINHAMENTO. AF_12/2014 | H70: M | I70: 5 | J70: 60.21 | K70: =ROUND(I70*J70,2) -> 301.05
A71: 11.3 | B71: 89711 | C71: TUBO PVC, SERIE NORMAL, ESGOTO PREDIAL, DN 40 MM, FORNECIDO E INSTALADO EM RAMAL DE DESCARGA OU RAMAL DE ESGOTO SANITÁRIO. AF_12/2014 | H71: M | I71: 5 | J71: 16.83 | K71: =ROUND(I71*J71,2) -> 84.15
A72: 11.4 | B72: 89714 | C72: TUBO PVC, SERIE NORMAL, ESGOTO PREDIAL, DN 100 MM, FORNECIDO E INSTALADO EM RAMAL DE DESCARGA OU RAMAL DE ESGOTO SANITÁRIO. AF_12/2014 | H72: M | I72: 5 | J72: 48.95 | K72: =ROUND(I72*J72,2) -> 244.75
A73: 11.5 | B73: 91785 | C73: (COMPOSIÇÃO REPRESENTATIVA) DO SERVIÇO DE INSTALAÇÃO DE TUBOS DE PVC, SOLDÁVEL, ÁGUA FRIA, DN 25 MM (INSTALADO EM RAMAL, SUB-RAMAL, RAMAL DE DISTRIBUIÇÃO OU PRUMADA), INCLUSIVE CONEXÕES, CORTES E FIXAÇÕES, PARA PRÉDIOS. AF_10/2015 | H73: M | I73: 5 | J73: 36.99 | K73: =ROUND(I73*J73,2) -> 184.95
A74: CONEXOES/RALOS APARELHOS SANITARIOS, LOUCAS, METAIS E OUTROS
A75: 11.6 | B75: 100858 | C75: MICTÓRIO SIFONADO LOUÇA BRANCA PADRÃO MÉDIO FORNECIMENTO E INSTALAÇÃO. AF_01/2020 | H75: UND | I75: 1 | J75: 516.25 | K75: =ROUND(I75*J75,2) -> 516.25
A76: 11.7 | B76: 86881 | C76: SIFÃO DO TIPO GARRAFA EM METAL CROMADO 1 X 1.1/2" - FORNECIMENTO E INSTALAÇÃO. AF_12/2013 | H76: UND | I76: 1 | J76: 154.99 | K76: =ROUND(I76*J76,2) -> 154.99
A77: 11.8 | B77: 86888 | C77: VASO SANITÁRIO SIFONADO COM CAIXA ACOPLADA LOUÇA BRANCA - FORNECIMENTO E INSTALAÇÃO. AF_12/2013 | H77: UND | I77: 1 | J77: 323.29 | K77: =ROUND(I77*J77,2) -> 323.29
A78: 11.9 | B78: 86906 | C78: TORNEIRA CROMADA DE MESA, 1/2" OU 3/4", PARA LAVATÓRIO, PADRÃO POPULAR - FORNECIMENTO E INSTALAÇÃO. AF_12/2013 | H78: UND | I78: 1 | J78: 61.47 | K78: =ROUND(I78*J78,2) -> 61.47
A79: 12 | B79: SERVICOS DIVERSOS | K79: =ROUND(SUM(K80:K83),2) -> 1396.62
A80: 12.1 | B80: 90443 | C80: RASGO EM ALVENARIA PARA RAMAIS/ DISTRIBUIÇÃO COM DIAMETROS MENORES OU IGUAIS A 40 MM. AF_05/2015 | H80: M | I80: 8 | J80: 10.56 | K80: =ROUND(I80*J80,2) -> 84.48
A81: 12.2 | B81: 90444 | C81: RASGO EM CONTRAPISO PARA RAMAIS/ DISTRIBUIÇÃO COM DIÂMETROS MENORES OU IGUAIS A 40 MM. AF_05/2015 | H81: M | I81: 8 | J81: 24.92 | K81: =ROUND(I81*J81,2) -> 199.36
A82: 12.3 | B82: 90447 | C82: RASGO EM ALVENARIA PARA ELETRODUTOS COM DIAMETROS MENORES OU IGUAIS A 40 MM. AF_05/2015 | H82: M | I82: 8 | J82: 6.33 | K82: =ROUND(I82*J82,2) -> 50.64
A83: 12.4 | B83: 94483 | C83: CONJUNTO HIDRÁULICO PARA INSTALAÇÃO DE BOMBA EM AÇO ROSCÁVEL, DN SUCÇÃO 32 (1 1/4) E DN RECALQUE 25 (1), PARA EDIFICAÇÃO ATÉ 4 PAVIMENTOS FORNECIMENTO E INSTALAÇÃO. AF_06/2016 | H83: UND | I83: 1 | J83: 1062.14 | K83: =ROUND(I83*J83,2) -> 1062.14
A84: 13 | B84: PAREDES/PAINEIS | K84: =ROUND(SUM(K85:K86),2) -> 1441
A85: 13.1 | B85: 10333 | C85: ALVENARIA DE VEDAÇÃO DE BLOCOS CERÂMICOS FURADOS NA HORIZONTAL DE 9X14X19CM (ESPESSURA 9CM) E ARGAMASSA DE ASSENTAMENTO COM PREPARO MANUAL. AF_06/2014 | H85: M² | I85: 5 | J85: 103.47 | K85: =ROUND(I85*J85,2) -> 517.35
A86: 13.2 | B86: 101161 | C86: COBOGO DE CONCRETO (ELEMENTO VAZADO), 7X50X50CM, ASSENTADO COM ARGAMASSA PREPARO BETONEIRA. | H86: M² | I86: 5 | J86: 184.73 | K86: =ROUND(I86*J86,2) -> 923.65
A87: 14 | B87: DIVISORIAS/MARMORE/GRANITO/MARMORITE/CONCRETO/MAD.AGLOM. | K87: =ROUND(SUM(K88:K88),2) -> 691.52
A88: 14.1 | B88: 96358 | C88: PAREDE COM PLACAS DE GESSO ACARTONADO (DRYWALL), PARA USO INTERNO, COM DUAS FACES SIMPLES E ESTRUTURA METÁLICA COM GUIAS SIMPLES, SEM VÃOS. AF_06/2017_P | H88: M² | I88: 8 | J88: 86.44 | K88: =ROUND(I88*J88,2) -> 691.52
A89: 15 | B89: PINTURAS | K89: =ROUND(SUM(K90:K97),2) -> 2989.6
A90: 15.1 | B90: 88411 | C90: APLICAÇÃO MANUAL DE FUNDO SELADOR ACRÍLICO EM PANOS COM PRESENÇA DE VÃOS DE EDIFÍCIOS DE MÚLTIPLOS PAVIMENTOS. AF_06/2014 | H90: M² | I90: 40 | J90: 2.1 | K90: =ROUND(I90*J90,2) -> 84
A91: 15.2 | B91: 88416 | C91: APLICAÇÃO MANUAL DE PINTURA COM TINTA TEXTURIZADA ACRÍLICA EM PANOS COM PRESENÇA DE VÃOS DE EDIFÍCIOS DE MÚLTIPLOS PAVIMENTOS, UMA COR. AF_06/2014 | H91: M² | I91: 40 | J91: 11.05 | K91: =ROUND(I91*J91,2) -> 442
A92: 15.3 | B92: 88484 | C92: APLICAÇÃO DE FUNDO SELADOR ACRÍLICO EM TETO, UMA DEMÃO. AF_06/2014 | H92: M² | I92: 40 | J92: 2.31 | K92: =ROUND(I92*J92,2) -> 92.4
A93: 15.4 | B93: 88485 | C93: APLICAÇÃO DE FUNDO SELADOR ACRÍLICO EM PAREDES, UMA DEMÃO. AF_06/2014 | H93: M² | I93: 40 | J93: 1.95 | K93: =ROUND(I93*J93,2) -> 78
A94: 15.5 | B94: 88488 | C94: APLICAÇÃO MANUAL DE PINTURA COM TINTA LÁTEX ACRÍLICA EM TETO, DUAS DEMÃOS. AF_06/2014 | H94: M² | I94: 40 | J94: 12.07 | K94: =ROUND(I94*J94,2) -> 482.8
A95: 15.6 | B95: 88489 | C95: APLICAÇÃO MANUAL DE PINTURA COM TINTA LÁTEX ACRÍLICA EM PAREDES, DUAS DEMÃOS. AF_06/2014 | H95: M² | I95: 40 | J95: 10.42 | K95: =ROUND(I95*J95,2) -> 416.8
A96: 15.7 | B96: 88496 | C96: APLICAÇÃO E LIXAMENTO DE MASSA LÁTEX EM TETO, DUAS DEMÃOS. AF_06/2014 | H96: M² | I96: 40 | J96: 22.67 | K96: =ROUND(I96*J96,2) -> 906.8
A97: 15.8 | B97: 88497 | C97: APLICAÇÃO E LIXAMENTO DE MASSA LÁTEX EM PAREDES, DUAS DEMÃOS. AF_06/2014 | H97: M² | I97: 40 | J97: 12.17 | K97: =ROUND(I97*J97,2) -> 486.8
A98: 16 | B98: PISOS | K98: =ROUND(SUM(K99:K101),2) -> 439.95
A99: 16.1 | B99: 87412 | C99: APLICAÇÃO MANUAL DE GESSO DESEMPENADO (SEM TALISCAS) EM TETO DE AMBIENTES DE ÁREA ENTRE 5M² E 10M², ESPESSURA DE 0,5CM. AF_06/2014 | H99: M² | I99: 5 | J99: 19.75 | K99: =ROUND(I99*J99,2) -> 98.75
A100: 16.2 | B100: 87530 | C100: MASSA ÚNICA, PARA RECEBIMENTO DE PINTURA, EM ARGAMASSA TRAÇO 1:2:8, PREPARO MANUAL, APLICADA MANUALMENTE EM FACES INTERNAS DE PAREDES, ESPESSURA DE 20MM, COM EXECUÇÃO DE TALISCAS. AF_06/2014 | H100: M² | I100: 5 | J100: 42.77 | K100: =ROUND(I100*J100,2) -> 213.85
A101: 16.3 | B101: 87550 | C101: EMBOÇO, PARA RECEBIMENTO DE CERÂMICA, EM ARGAMASSA TRAÇO 1:2:8, PREPARO MANUAL, APLICADO MANUALMENTE EM FACES INTERNAS DE PAREDES, PARA AMBIENTE COM ÁREA ENTRE 5M2 E 10M2, ESPESSURA DE 10MM, COM EXECUÇÃO DE TALISCAS. AF_06/2014 | H101: M² | I101: 5 | J101: 25.47 | K101: =ROUND(I101*J101,2) -> 127.35
A102: 17 | B102: FORRO DE GESSO | K102: =ROUND(SUM(K103:K104),2) -> 506.4
...
